 Dungeon Crawl Stone Soup version 0.27.1-33-g824d729ab1 (webtiles) character file.

Game seed: 1436557739581694841

14 zeram the Sneak (level 2, -1/17 HPs)
             Began as an Octopode Enchanter on Nov 27, 2021.
             Slain by a gnoll (7 damage)
             ... on level 2 of the Dungeon.
             The game lasted 00:01:02 (770 turns).

zeram the Sneak (Octopode Enchanter)                 Turns: 770, Time: 00:01:02

Health: -1/17      AC:  1    Str:  7    XL:     2   Next: 41%
Magic:  5/5        EV: 17    Int: 17    God:
Gold:   48         SH:  0    Dex: 12    Spells: 4/5 levels left

rFire    + . .     SeeInvis .   a - +1 dagger
rCold    + . .     Faith    .   (no shield)
rNeg     . . .     Spirit   .   (helmet restricted)
rPois    +         Reflect  .   (no amulet)
rElec    +         Harm     .   b - ring of resist corrosion
rCorr    +         Rampage  .   d - +4 ring of evasion
Will     .....                  (no ring)
Stlth    ++++......             (no ring)
HPRegen  0.05/turn              (no ring)
MPRegen  0.09/turn              (no ring)
                                (no ring)
                                (no ring)

@: resistant
A: almost no armour, amphibious, 8 rings, camouflage 1, gelatinous body 1,
(nimble swimmer 1), tentacles
a: no special abilities


You were on level 2 of the Dungeon.
You visited 1 branch of the dungeon, and saw 2 of its levels.

You collected 48 gold pieces.

Inventory:

Hand Weapons
 a - a +1 dagger (weapon)
Armour
 e - a +3 buckler
Jewellery
 b - a ring of resist corrosion (left tentacle)
 d - a +4 ring of evasion (right tentacle)
Scrolls
 f - a scroll of fear {unknown}
Potions
 g - a potion of haste {unknown}
 h - a potion of brilliance {unknown}


   Skills:
 - Level 1.0 Short Blades
 - Level 2.0 Dodging
 + Level 5.2 Stealth
 - Level 2.0 Spellcasting
 - Level 3.0 Hexes


You had 4 spell levels left.
You knew the following spells:

 Your Spells              Type           Power      Damage    Failure   Level
a - Corona                Hex            12%        N/A       5%          1

Your spell library contained the following spells:

 Spells                   Type           Power      Damage    Failure   Level
 Ensorcelled Hibernation  Hex/Ice        12%        N/A       16%         2
 Confusing Touch          Hex            11%        N/A       17%         3
 Tukima's Dance           Hex            11%        N/A       17%         3
 Dazzling Flash           Conj/Hex       12%        N/A       30%         3


Dungeon Overview and Level Annotations

Branches:
Dungeon (2/15)

Altars:


Innate Abilities, Weirdness & Mutations

You cannot wear most types of armour.
You are amphibious.
You can wear up to eight rings at the same time.
Your skin changes colour to match your surroundings (Stealth+).
Your rubbery body absorbs attacks. (AC +1, EV +1)
((You are camouflaged near water. (Stealth+)))
You have tentacles for arms and can constrict up to eight enemies at once.


Message History

You impale the giant cockroach!!
You kill the giant cockroach!
No target in view!
You now have 48 gold pieces (gained 16).
Found a black potion.
Found a fizzy red potion.
Found a scroll labelled IRAK KICLENK.
Found a leather armour.
g - a black potion
h - a fizzy red potion
Found a ring mail.
A goblin comes into view. It is wielding a +0 dagger.
A goblin is nearby!
A goblin is nearby!
A goblin is nearby!
Found a ring mail.
A gnoll comes into view. It is wielding a +0 club.
A gnoll comes into view. It is wielding a +0 halberd.
An adder comes into view.
The goblin shouts!
The adder hisses angrily.
You hear a shout!
You hear an angry hiss.
The goblin hits you with a +0 dagger.
A gnoll comes into view. It is wielding a +0 club.
An adder comes into view.
You hear a shout!
The gnoll shouts!
You hit the goblin but do no damage. Your grab misses the goblin.
Your squeeze misses the goblin. The goblin barely misses you.
You hit the goblin. You grab the goblin.
The goblin is moderately wounded.
You constrict the goblin. The goblin completely misses you.
You hit the goblin but do no damage. You squeeze the goblin.
You kill the goblin!
The gnoll closely misses you.
It was a potion of resistance.
You feel protected. The gnoll misses you.
The gnoll hits you from afar with a +0 halberd!
The gnoll hits you with a +0 club!
You die...

#. .# #. .. #.##.# .# #...#
#.#. .#.# #...# ##[.# #..
#...# #...# #.#
#...#######...###.########
#............@.gS.#.......
####...# ###.#...g##S#.......
.......# #.#..#.##.#)......
.......# #....#....S.......
.......# #.#.......#..[....
###....#####......####.......
#..........##?### .......
#.....#######.# ####...
#.....# #.# ##


You could see 2 gnolls and 2 adders.

Vanquished Creatures
  3 giant cockroaches
  2 goblins
  2 kobolds (D:1)
  2 ball pythons (D:1)
  2 bats (D:1)
  A rat (D:1)
12 creatures vanquished.

Notes
Turn   | Place    | Note
-------+----------+-------------------------------------------
     0 | D:1      | zeram the Octopode Enchanter began the quest for the Orb.
     0 | D:1      | Reached XP level 1. HP: 11/11 MP: 3/3
   124 | D:1      | Found a faded altar of an unknown god.
   261 | D:1      | Reached XP level 2. HP: 17/17 MP: 5/5
   421 | D:1      | Reached skill level 5 in Stealth
   770 | D:2      | Slain by a gnoll

Illustrated notes

Levels and vault maps discovered:
D:1:      giann_bridges, layout_basic,
          dreamdust_ecumenical_altar_hidden_monk_grotto, roderic_lattice_a
D:2:      layout_loops_cross, basic_altar

Skill      XL: |  1  2 |
---------------+-------+-----
Stealth        | 5 |  5.2
Short Blades   | |  1.0
Dodging        | |  2.0
Spellcasting   | |  2.0
Hexes          | |  3.0

Action                   || total
-------------------------++-------
Melee: Dagger            ||    25
       Constrict         ||     5
       Tentacles         ||     2
  Use: Scroll            ||     2
       Potion            ||     1
 Stab: Sleeping          ||     8
Dodge: Dodged            ||    18
